 Dungeon Crawl Stone Soup version 0.16.2-12-gd0ad4c3 (webtiles) character file.

356 Aarh the Sneak (level 6, 0/39 HPs)
             Began as a Halfling Assassin on Sept 29, 2015.
             Was an Initiate of Okawaru.
             Slain by an orc wizard
             ... wielding an uncursed staff of wizardry
              (3 damage)
             ... on level 5 of the Dungeon.
             The game lasted 00:18:04 (1312 turns).

Aarh the Sneak (Halfling Assassin)                  Turns: 1312, Time: 00:18:05

Health: 0/39       AC:  4    Str: 13    XL:     6   Next: 96%
Magic:  6/6        EV: 15    Int: 10    God:    Okawaru [......]
Gold:   52         SH:  0    Dex: 16    Spells: 0 memorised, 5 levels left

rFire  . . .     SeeInvis .     b - +0 blowgun
rCold  . . .     Clarity  .     v - +0 leather armour
rNeg   . . .     SustAb   .     (no shield)
rPois  .         Gourm    .     (no helmet)
rElec  .         Spirit   .     d - +0 cloak
rCorr  .         Warding  .     (no gloves)
rMut   .         Stasis   .     (no boots)
MR     .....                    (no amulet)
Stlth  +.........               (no ring)
                                (no ring)

@: confused, not resistant to hostile enchantments, very unstealthy
A: mutation resistance 1
a: Renounce Religion


You were on level 5 of the Dungeon.
You worshipped Okawaru.
Okawaru was noncommittal.
You were not hungry.

You visited 2 branches of the dungeon, and saw 6 of its levels.

You collected 52 gold pieces.

Inventory:

Hand weapons
 a - a +2 dagger
 b - a +0 blowgun (weapon)
 s - a +8 club
   (You took it off Jessica on level 3 of the Dungeon)
 w - a +1 war axe
   (You took it off an orc on level 5 of the Dungeon)
Missiles
 e - 14 poisoned needles (quivered)
 n - 2 tomahawks
 o - 18 stones
 x - a curare-tipped needle
Armour
 d - a +0 cloak (worn)
 v - a +0 leather armour (worn)
   (You took it off an orc on level 5 of the Dungeon)
Jewellery
 k - an uncursed ring of fire
   (You found it on level 2 of the Dungeon)
Magical devices
 j - a wand of fire (8)
   (You found it on level 4 of the Dungeon)
 q - a wand of enslavement (9)
   (You took it off Jessica on level 3 of the Dungeon)
Scrolls
 i - a scroll of identify
 t - a scroll of remove curse
 y - a scroll of teleportation
Potions
 c - 2 potions of haste {unknown}
 r - a potion of might
 A - a potion of curing {unknown}
Comestibles
 f - 3 chunks of flesh
 g - a bread ration
 l - a meat ration
 z - 3 fruits


   Skills:
 * Level 2.2 Fighting
 * Level 4.5 Short Blades
 * Level 4.0 Throwing
 * Level 3.0 Dodging
 + Level 6.9 Stealth


You had 5 spell levels left.
You didn't know any spells.

Dungeon Overview and Level Annotations

Branches:
Dungeon (5/15)             Temple (1/1) D:5

Altars:
Ashenzari
Cheibriados
Dithmenos
Elyvilon
Fedhas
Gozag
Kikubaaqudgha
Makhleb
Nemelex Xobeh
Okawaru
Qazlal
Ru
Sif Muna
Trog
Vehumet
Xom
Yredelemnul
Zin

Shops:
D:4 :

Annotations:
D:3 Natasha


Innate Abilities, Weirdness & Mutations

You are small and have problems with some larger weapons.
You are somewhat resistant to further mutation.


Message History

Aim: an orc wizard, wielding a staff of wizardry and wearing a robe (moderately wounded, poisoned)
You shoot a poisoned needle.
The poisoned needle closely misses the orc wizard.
Firing (i - inventory. (,) - cycle):
e - 15 poisoned needles (quivered)
Press: ? - help, Shift-Dir - straight line, f/p - orc wizard
Aim: an orc wizard, wielding a staff of wizardry and wearing a robe (moderately wounded, poisoned)
You shoot a poisoned needle.
The poisoned needle completely misses the orc wizard.
The orc shouts!
The orc wizard mumbles some strange words.
The orc wizard flickers and vanishes!
Deactivating autopickup; reactivate with Ctrl-A.
A hobgoblin comes into view. It is wielding a club.
You see here a poisoned needle.
You miss something. Something barely misses you.
You clumsily bash something but do no damage.
You hear some strange, mumbled words.
You are confused.
You hear some strange, mumbled words.
The magic dart hits you!
You clumsily bash something but do no damage.
Something hits you.
You barely miss something. Something hits you but does no damage.
You hear some strange, mumbled words.
The puff of flame hits you!
You completely miss something. Something hits you but does no damage.
You miss something.
You feel less confused. Something barely misses you.
You clumsily bash something but do no damage.
Something barely misses you.
You hear some strange, mumbled words.
You are confused.
You bump into the rock wall.
You hear some strange, mumbled words.
You are more confused.
You bump into the rock wall.
You hear some strange, mumbled words.
Something tries to affect you, but you resist.
You bump into the rock wall.
Something completely misses you.
You miss something. Something hits you but does no damage.
You bump into the rock wall.
Something hits you.
You miss something. Something hits you.
* * * LOW HITPOINT WARNING * * *
You clumsily bash something but do no damage.
You hear some strange, mumbled words.
The puff of flame hits you!
* * * LOW HITPOINT WARNING * * *
Something hits you.
You die...

#...####
#.#...#..##.#
#......#
#.#...#......
#......#
#.#......# #
#......#
#.#...#####.#
.......#
#.#..#.(.o..#
.......#
#.####g###........
#......# #.# #o#
...S... #......#
#.# #{#


oS..... ......รท####.# #@# #...... ####........# #[# ..... #...###### #.# o...
##'## #.# .## #####.##########.# .................# #####.############ .#
#.######## .####......... You could see an orc and a hobgoblin.

Vanquished Creatures
  Monster Symbol All '@' Jessica (D:3)
1 creature vanquished. All 'F' Prince Ribbit (D:4)
1 creature vanquished. All 'K' A kobold (D:1)
1 creature vanquished. All 'O' An ogre (D:4)
1 creature vanquished. All 'S' An adder (D:4)
1 creature vanquished. All 'b' 3 bats (D:4 D:5)
3 creatures vanquished. All 'g' 2 hobgoblins (D:3) A goblin (D:2)
3 creatures vanquished. All 'h' A hound (D:5)
1 creature vanquished. All 'l' A giant gecko (D:2) A giant newt (D:2)
2 creatures vanquished. All 'o' 4 orcs (D:3 D:5)
4 creatures vanquished. All 's' A giant cockroach (D:2)
1 creature vanquished.
19 creatures vanquished. Monster Nature Uniques Prince Ribbit (D:4) Jessica (D:3)
2 creatures vanquished. Natural Monsters An ogre (D:4) A hound (D:5) An adder (D:4) A giant gecko (D:2) 4 orcs (D:3 D:5) A giant cockroach (D:2) 2 hobgoblins (D:3) A kobold (D:1) 3 bats (D:4 D:5) A giant newt (D:2) A goblin (D:2)
17 creatures vanquished.
19 creatures vanquished. Ascending Order Prince Ribbit (D:4) An ogre (D:4) A hound (D:5) Jessica (D:3) An adder (D:4) A giant gecko (D:2) A kobold (D:1) A giant cockroach (D:2) A goblin (D:2) A giant newt (D:2) 2 hobgoblins (D:3) 3 bats (D:4 D:5) 4 orcs (D:3 D:5)
19 creatures vanquished.

Notes
Turn   | Place    | Note
--------------------------------------------------------------
     0 | D:1      | Aarh, the Halfling Assassin, began the quest for the Orb.
     0 | D:1      | Reached XP level 1. HP: 14/14 MP: 1/1
     2 | D:1      | Noticed a formicid
     2 | D:1      | Noticed a spriggan
     4 | D:1      | Noticed a merfolk
     6 | D:1      | Noticed a centaur
     6 | D:1      | Noticed a troll
     8 | D:1      | Noticed a tengu
     8 | D:1      | Noticed an ogre
    10 | D:1      | Noticed a felid
    12 | D:1      | Noticed a demigod
    12 | D:1      | Noticed a human
    14 | D:1      | Noticed a dwarf
    16 | D:1      | Noticed a gargoyle
    16 | D:1      | Noticed an octopode
    18 | D:1      | Noticed a draconian
    18 | D:1      | Noticed a demonspawn
    20 | D:1      | Noticed a naga
    22 | D:1      | Noticed a vine stalker
    22 | D:1      | Noticed a minotaur
    24 | D:1      | Noticed a ghoul
    24 | D:1      | Noticed an elf
    26 | D:1      | Noticed a vampire
   197 | D:2      | Reached XP level 2. HP: 14/19 MP: 2/2
   302 | D:3      | Noticed Jessica
   306 | D:3      | Killed Jessica
   306 | D:3      | Reached skill level 3 in Short Blades
   306 | D:3      | Reached skill level 5 in Stealth
   306 | D:3      | Reached XP level 3. HP: 24/24 MP: 3/3
   332 | D:3      | Noticed Natasha
   341 | D:4      | Noticed Prince Ribbit
   443 | D:4      | Killed Prince Ribbit
   443 | D:4      | Reached skill level 2 in Fighting
   443 | D:4      | Reached skill level 4 in Short Blades
   443 | D:4      | Reached skill level 3 in Throwing
   443 | D:4      | Reached skill level 2 in Dodging
   443 | D:4      | Reached skill level 6 in Stealth
   443 | D:4      | Reached XP level 4. HP: 22/29 MP: 4/4
   443 | D:4      | Reached XP level 5. HP: 25/34 MP: 5/5
   443 | D:4      | Reached XP level 6. HP: 28/39 MP: 6/6
   476 | D:4      | Noticed a phantom
   476 | D:4      | Noticed an ogre
   487 | D:4      | Killed an ogre
   487 | D:4      | Reached skill level 4 in Throwing
   833 | D:4      | Found Teji's Book Shop.
   846 | D:5      | Entered Level 5 of the Dungeon
   877 | D:5      | Reached skill level 3 in Dodging
   970 | D:5      | Found a staircase to the Ecumenical Temple.
   985 | Temple   | Entered the Ecumenical Temple
  1094 | Temple   | Became a worshipper of Warmaster Okawaru
  1210 | D:5      | Noticed a slave
  1268 | D:5      | Noticed a slave
  1312 | D:5      | HP: 3/39 [something/puff of flame (8)]
  1312 | D:5      | Slain by an orc wizard

Action                   |  1- 3 |  4- 6 || total
-------------------------+-------+-------++-------
Melee: Dagger            |    37 |    10 ||    47
       Blowgun           |       |    10 ||    10
       War axe           |       |     9 ||     9
       Club              |       |     4 ||     4
 Fire: Blowgun           |     6 |    12 ||    18
  Use: Scroll            |     3 |     5 ||     8
 Stab: Sleeping          |     4 |     1 ||     5
  Eat: Chunk             |       |     1 ||     1
Dungeon Crawl Stone Soup version 0.16.2-12-gd0ad4c3 (webtiles) character file. 356 Aarh the Sneak (level 6, 0/39 HPs) Began as a Halfling Assassin on Sept 29, 2015. Was an Initiate of Okawaru. Slain by an orc wizard ... wielding an uncursed staff of wizardry (3 damage) ... on level 5 of the Dungeon. The game lasted 00:18:04 (1312 turns). Dungeon Overview and Level Annotations Branches: Dungeon (5/15) Temple (1/1) D:5 Altars: Ashenzari Cheibriados Dithmenos Elyvilon Fedhas Gozag Kikubaaqudgha Makhleb Nemelex Xobeh Okawaru Qazlal Ru Sif Muna Trog Vehumet Xom Yredelemnul Zin Shops: D:4 : Annotations: D:3 Natasha Aarh the Sneak (Halfling Assassin) Turns: 1312, Time: 00:18:05 Health: 0/39 AC: 4 Str: 13 XL: 6 Next: 96% Magic: 6/6 EV: 15 Int: 10 God: Okawaru [......] Gold: 52 SH: 0 Dex: 16 Spells: 0 memorised, 5 levels left rFire . . . SeeInvis . b - +0 blowgun rCold . . . Clarity . v - +0 leather armour rNeg . . . SustAb . (no shield) rPois . Gourm . (no helmet) rElec . Spirit . d - +0 cloak rCorr . Warding . (no gloves) rMut . Stasis . (no boots) MR ..... (no amulet) Stlth +......... (no ring) (no ring) @: confused, not resistant to hostile enchantments, very unstealthy A: mutation resistance 1 a: Renounce Religion Innate Abilities, Weirdness & Mutations You are small and have problems with some larger weapons. You are somewhat resistant to further mutation. Skills: * Level 2.2 Fighting * Level 4.5 Short Blades * Level 4.0 Throwing * Level 3.0 Dodging + Level 6.9 Stealth You had 5 spell levels left. You didn't know any spells. You were on level 5 of the Dungeon. You worshipped Okawaru. Okawaru was noncommittal. You were not hungry. You visited 2 branches of the dungeon, and saw 6 of its levels. You collected 52 gold pieces. You could see an orc and a hobgoblin. Message History Aim: an orc wizard, wielding a staff of wizardry and wearing a robe (moderately wounded, poisoned) You shoot a poisoned needle. The poisoned needle closely misses the orc wizard. Firing (i - inventory. (,) - cycle): e - 15 poisoned needles (quivered) Press: ? - help, Shift-Dir - straight line, f/p - orc wizard Aim: an orc wizard, wielding a staff of wizardry and wearing a robe (moderately wounded, poisoned) You shoot a poisoned needle. The poisoned needle completely misses the orc wizard. The orc shouts! The orc wizard mumbles some strange words. The orc wizard flickers and vanishes! Deactivating autopickup; reactivate with Ctrl-A. A hobgoblin comes into view. It is wielding a club. You see here a poisoned needle. You miss something. Something barely misses you. You clumsily bash something but do no damage. You hear some strange, mumbled words. You are confused. You hear some strange, mumbled words. The magic dart hits you! You clumsily bash something but do no damage. Something hits you. You barely miss something. Something hits you but does no damage. You hear some strange, mumbled words. The puff of flame hits you! You completely miss something. Something hits you but does no damage. You miss something. You feel less confused. Something barely misses you. You clumsily bash something but do no damage. Something barely misses you. You hear some strange, mumbled words. You are confused. You bump into the rock wall. You hear some strange, mumbled words. You are more confused. You bump into the rock wall. You hear some strange, mumbled words. Something tries to affect you, but you resist. You bump into the rock wall. Something completely misses you. You miss something. Something hits you but does no damage. You bump into the rock wall. Something hits you. You miss something. Something hits you. * * * LOW HITPOINT WARNING * * * You clumsily bash something but do no damage. You hear some strange, mumbled words. The puff of flame hits you! * * * LOW HITPOINT WARNING * * * Something hits you. You die...

Action                   |  1- 3 |  4- 6 || total
-------------------------+-------+-------++-------
Melee: Dagger            |    37 |    10 ||    47
       Blowgun           |       |    10 ||    10
       War axe           |       |     9 ||     9
       Club              |       |     4 ||     4
 Fire: Blowgun           |     6 |    12 ||    18
  Use: Scroll            |     3 |     5 ||     8
 Stab: Sleeping          |     4 |     1 ||     5
  Eat: Chunk             |       |     1 ||     1
Notes Turn | Place | Note -------------------------------------------------------------- 0 | D:1 | Aarh, the Halfling Assassin, began the quest for the Orb. 0 | D:1 | Reached XP level 1. HP: 14/14 MP: 1/1 2 | D:1 | Noticed a formicid 2 | D:1 | Noticed a spriggan 4 | D:1 | Noticed a merfolk 6 | D:1 | Noticed a centaur 6 | D:1 | Noticed a troll 8 | D:1 | Noticed a tengu 8 | D:1 | Noticed an ogre 10 | D:1 | Noticed a felid 12 | D:1 | Noticed a demigod 12 | D:1 | Noticed a human 14 | D:1 | Noticed a dwarf 16 | D:1 | Noticed a gargoyle 16 | D:1 | Noticed an octopode 18 | D:1 | Noticed a draconian 18 | D:1 | Noticed a demonspawn 20 | D:1 | Noticed a naga 22 | D:1 | Noticed a vine stalker 22 | D:1 | Noticed a minotaur 24 | D:1 | Noticed a ghoul 24 | D:1 | Noticed an elf 26 | D:1 | Noticed a vampire 197 | D:2 | Reached XP level 2. HP: 14/19 MP: 2/2 302 | D:3 | Noticed Jessica 306 | D:3 | Killed Jessica 306 | D:3 | Reached skill level 3 in Short Blades 306 | D:3 | Reached skill level 5 in Stealth 306 | D:3 | Reached XP level 3. HP: 24/24 MP: 3/3 332 | D:3 | Noticed Natasha 341 | D:4 | Noticed Prince Ribbit 443 | D:4 | Killed Prince Ribbit 443 | D:4 | Reached skill level 2 in Fighting 443 | D:4 | Reached skill level 4 in Short Blades 443 | D:4 | Reached skill level 3 in Throwing 443 | D:4 | Reached skill level 2 in Dodging 443 | D:4 | Reached skill level 6 in Stealth 443 | D:4 | Reached XP level 4. HP: 22/29 MP: 4/4 443 | D:4 | Reached XP level 5. HP: 25/34 MP: 5/5 443 | D:4 | Reached XP level 6. HP: 28/39 MP: 6/6 476 | D:4 | Noticed a phantom 476 | D:4 | Noticed an ogre 487 | D:4 | Killed an ogre 487 | D:4 | Reached skill level 4 in Throwing 833 | D:4 | Found Teji's Book Shop. 846 | D:5 | Entered Level 5 of the Dungeon 877 | D:5 | Reached skill level 3 in Dodging 970 | D:5 | Found a staircase to the Ecumenical Temple. 985 | Temple | Entered the Ecumenical Temple 1094 | Temple | Became a worshipper of Warmaster Okawaru 1210 | D:5 | Noticed a slave 1268 | D:5 | Noticed a slave 1312 | D:5 | HP: 3/39 [something/puff of flame (8)] 1312 | D:5 | Slain by an orc wizard

Table legend:
 A = Turns spent in this place as a percentage of turns spent in the entire game.
 B = Non-inter-level travel turns spent in this place as a percentage of non-inter-level travel turns spent in the entire game.
 C = Inter-level travel turns spent in this place as a percentage of turns spent in this place.
 D = Turns resting spent in this place as a percentage of non-inter-level travel turns spent in this place.
 E = Turns spent auto-exploring this place as a percentage of non-inter-level travel turns spent in this place.
 F = Non-inter-level travel turns spent in this place divided by the number of levels of this place that you've seen.
                   A       B       C       D       E      F
               +-------+-------+-------+-------+-------+----------------------
         Total | 100.0 | 100.0 |   0.1 |   1.2 |   3.1 | 120.0
       Dungeon |  96.3 |  96.4 |   0.0 |   1.3 |   2.2 | 138.8
        Temple |   3.7 |   3.6 |   3.7 |   0.0 |  26.9 |  26.0
               +-------+-------+-------+-------+-------+----------------------

Table legend:
 A = Kills in this place as a percentage of kills in entire the game.
 B = Kills by you in this place as a percentage of kills by you in the entire game.
 C = Kills by friends in this place as a percentage of kills by friends in the entire game.
 D = Other kills in this place as a percentage of other kills in the entire game.
 E = Experience gained in this place as a percentage of experience gained in the entire game.
 F = Experience gained in this place divided by the number of levels of this place that you have seen.
                   A       B       C       D       E      F
               +-------+-------+-------+-------+-------+----------------------
         Total | 100.0 | 100.0 |  -nan |  -nan | 100.0 |  84.8
       Dungeon | 100.0 | 100.0 |  -nan |  -nan | 100.0 | 101.8
               +-------+-------+-------+-------+-------+----------------------

Vault maps used:
D:1:      kb_arrival_jail, amethyst_killhole
D:2:      minmay_statues_item
D:3:      first_bread, uniq_jessica, uniq_natasha, uniq_sigmund
D:4:      serial_shops, shop_coins, uniq_prince_ribbit1
D:5:      temple_green, roderic_digamma_sauvastika, uniq_pikel
Temple:   kilobyte_greek_temple_18
